 Dungeon Crawl Stone Soup version 0.17.0-25-gefc9c12 (webtiles) character file.

8710 septik the Grappler (level 11, -8/90 HPs)
             Began as a Naga Fighter on Nov 18, 2015.
             Was an Elder of Cheibriados.
             Mangled by Maud
             ... wielding a +3 great mace of draining
              (17 damage)
             ... on level 10 of the Dungeon.
             The game lasted 00:31:20 (10859 turns).

septik the Grappler (Naga Fighter)                 Turns: 10859, Time: 00:31:21

Health: -8/90      AC: 10    Str: 29    XL:     11   Next: 35%
Magic:  12/17      EV:  8    Int: 19    God:    Cheibriados [****..]
Gold:   425        SH:  6    Dex: 23    Spells: 0 memorised, 10 levels left

rFire  . . .     SeeInvis +       - Unarmed
rCold  + . .     Clarity  .     f - +0 chain mail (curse)
rNeg   . . .     SustAt   .     q - +0 buckler
rPois  +         Gourm    .     (no helmet)
rElec  .         Spirit   .     (no cloak)
rCorr  .         Warding  .     j - +0 pair of gloves
rMut   .         Stasis   .     (no barding)
MR     +....                    (no amulet)
Stlth  ..........               H - ring of protection from cold
                                E - ring of stealth

@: heavily drained, very slow, somewhat resistant to hostile enchantments,
extremely unstealthy
A: see invisible, deformed body, poison resistance, slowness 2, slow metabolism
1, spit poison 2, AC +3
a: Spit Poison, Bend Time, Temporal Distortion, Slouch, Renounce Religion


You were on level 10 of the Dungeon.
You worshipped Cheibriados.
Cheibriados was greatly pleased with you.
You were hungry.

You visited 2 branches of the dungeon, and saw 11 of its levels.

You collected 519 gold pieces.
You spent 94 gold pieces at shops.

Inventory:

Missiles
 h - 242 stones (quivered)
 G - a throwing net
Armour
 a - a +0 scale mail
 b - a +0 shield
 f - a cursed +0 chain mail (worn)
 j - a +0 pair of gloves (worn)
 n - a +2 leather armour of fire resistance
 q - a +0 buckler (worn)
 D - a +0 plate armour
Jewellery
 v - an uncursed ring of sustain attributes
 E - a ring of stealth (left hand)
 H - a ring of protection from cold (right hand)
Wands
 l - a wand of polymorph (5)
Scrolls
 e - 8 scrolls of identify
 m - a scroll of recharging {unknown}
 o - a scroll of vulnerability {unknown}
 r - a scroll of amnesia
 s - 4 scrolls of teleportation
 w - a scroll of magic mapping
 x - 6 scrolls of remove curse
 y - a scroll of fog {unknown}
 B - 2 scrolls of summoning {unknown}
 I - a scroll of enchant weapon
 J - a scroll of blinking
 K - a scroll of random uselessness {unknown}
Potions
 g - a potion of mutation
 i - a potion of agility {unknown}
 u - a potion of brilliance {unknown}
 A - 7 potions of curing
 C - 2 potions of flight {unknown}
Books
 L - a book of Maledictions

   Spells                             Type                      Level
   a - Corona                         Hexes                        1
   b - Ensorcelled Hibernation        Hexes/Ice                    2
   c - Confuse                        Hexes                        3
   d - Tukima's Dance                 Hexes                        3
   e - Dazzling Spray                 Conjuration/Hexes            3
 M - the Papyrus of Dark Rites
   (You found it on level 10 of the Dungeon)

   Spells                             Type                      Level
   a - Corpse Rot                     Necromancy                   2
   b - Control Undead                 Necromancy                   4
   c - Bolt of Draining               Conjuration/Necromancy       5
   d - Simulacrum                     Ice/Necromancy               6
Comestibles
 d - 7 bread rations
 k - 6 meat rations
 p - a royal jelly
 t - 7 beef jerkies
 z - 4 fruits
 F - a slice of pizza


   Skills:
 - Level 3.0(1.4) Fighting
 + Level 5.1(3.4) Armour
 + Level 4.4(2.8) Dodging
 + Level 5.3(3.6) Shields
 - Level 12.1(10.2) Unarmed Combat
 * Level 8.4(6.6) Invocations


You had 10 spell levels left.
You didn't know any spells.

Dungeon Overview and Level Annotations

Branches:
Dungeon (10/15)            Temple (1/1) D:6            Lair (0/8) D:10
    Orc (0/4) D:9

Altars:
Ashenzari
Cheibriados
Dithmenos
Elyvilon
Fedhas
Gozag
Kikubaaqudgha
Makhleb
Nemelex Xobeh
Okawaru
Qazlal
Ru
Sif Muna
Trog
Vehumet
Xom
Yredelemnul
Zin
The Shining One

Shops:
D:4 *!!

Annotations:
D:10 Maud


Innate Abilities, Weirdness & Mutations

You cannot wear boots.
Your serpentine skin is tough (AC +3).
You have supernaturally acute eyesight.
Armour fits poorly on your strangely shaped body.
Your system is resistant to poisons.
You cover ground very slowly.
You have a slow metabolism.
You can spit poison.


Message History

Maud hits you with a great mace of draining.
* * * LOW HITPOINT WARNING * * *
You feel drained.
* * * LOW HITPOINT WARNING * * *
You completely miss Maud.
Maud is heavily wounded.
Unknown command.
You punch Maud!
Maud is heavily wounded.
Maud looks more healthy.
Maud screams, "Your life or 'Entarex'!
You must choose!"
Maud hits you with a great mace of draining!
* * * LOW HITPOINT WARNING * * *
You feel drained.
* * * LOW HITPOINT WARNING * * *
You can feel time thicken for a moment.
You feel somewhat more hungry.
You can no longer step out of the time flow.
Cheibriados reduces the support of your attributes as your movement quickens.
Maud hits you with a great mace of draining!
You die...

......##....
#.........#
......# ...
#.........#
......# ..
#.........'
##'#### #
#.........# #.##
##'######## #..#
#.## ###รท##
####+ #..##
.....# #.....###
##..# .....#
+.....@@###
####.## .....#
#.....#...#
#.....# .....#
#....
###.####.....#
.....# #...
#....#.....#
.....+ #..
####.#.....#####
.....# #.
#............
###### #
###.....##### #
####### #


You could see Maud.

Vanquished Creatures
  A hill giant (D:10)
  An unseen horror (D:7)
  Maurice (D:10)
  Psyche (D:8)
  A troll (D:10)
  7 humans (D:8)
  3 hungry ghosts
  A deep elf mage (D:10)
  A wyvern (D:9)
  3 yaks (D:9)
  A hippogriff (D:8)
  Menkaure (D:5)
  Edmund (D:5)
  A water moccasin (D:10)
  Duvessa (D:3)
  3 ice beasts
  5 orc warriors
  2 ogres
  A necrophage (D:8)
  A phantom (D:4)
  3 sky beasts
  The ghost of Raultor the Insei, an amateur OpTm (D:3)
  2 centaurs
  2 big kobolds
  2 crocodiles
  Dowan (D:3)
  A giant frog (D:6)
  4 scorpions
  3 wights (D:8)
  3 crimson imps
  A centaur zombie (D:9)
  3 giant frog skeletons
  A quasit (D:6)
  Ijyb (D:3)
  A gnoll shaman (D:8)
  3 jellies
  14 orc wizards
  10 hounds
  Jessica (D:8)
  2 iguanas
  7 orc priests
  5 worker ants
  4 sheep (D:8)
  A hound zombie (D:5)
  The ghost of BLOAX the Ruffian, a weakling VSTm (D:4)
  13 adders
  8 gnolls
  3 shadow imps
  4 oozes
  2 adder skeletons (D:4)
  3 worms
  8 giant geckos
  56 orcs
  8 giant cockroaches
  10 goblins
  5 hobgoblins
  9 jackals
  8 kobolds
  3 quokkas
  3 ball pythons
  9 bats
  A giant gecko skeleton (D:8)
  2 giant newts
  2 gnoll zombies (D:5)
  A quokka skeleton (D:6)
  4 rats
  2 plants (D:10)
278 creatures vanquished.

Notes
Turn   | Place    | Note
--------------------------------------------------------------
     0 | D:1      | septik the Naga Fighter began the quest for the Orb.
     0 | D:1      | Reached XP level 1. HP: 21/21 MP: 1/1
   314 | D:1      | Reached XP level 2. HP: 25/28 MP: 2/2
   774 | D:2      | Reached XP level 3. HP: 30/34 MP: 3/3
   872 | D:2      | Found a radiant altar of Vehumet.
   959 | D:2      | You fall through a shaft for 2 floors!
  1049 | D:4      | Reached skill level 4 in Unarmed Combat
  1049 | D:4      | Reached XP level 4. HP: 37/42 MP: 4/4
  1138 | D:4      | Found a stormy altar of Qazlal.
  1180 | D:4      | Found Xofal's Assorted Antiques.
  1187 | D:4      | Bought a scroll labeled EPLAPESU NIMMA for 24 gold pieces
  1187 | D:4      | Bought a murky amethyst potion for 21 gold pieces
  1187 | D:4      | Bought a fizzy black potion for 21 gold pieces
  1264 | D:4      | Found Veit's Distillery.
  1324 | D:4      | Reached skill level 5 in Unarmed Combat
  1324 | D:4      | Reached XP level 5. HP: 37/49 MP: 5/5
  1564 | D:4      | Found Hexov's Distillery.
  1569 | D:4      | Bought a potion of poison for 14 gold pieces
  1569 | D:4      | Bought a potion of degeneration for 14 gold pieces
  1581 | D:4      | Noticed BLOAX's ghost (weakling VSTm)
  1590 | D:4      | Killed BLOAX's ghost
  1616 | D:4      | Reached skill level 6 in Unarmed Combat
  1616 | D:4      | Reached XP level 6. HP: 56/56 MP: 6/6
  1625 | D:4      | Noticed a phantom
  1659 | D:3      | Noticed Raultor's ghost (amateur OpTm)
  1712 | D:3      | Killed Raultor's ghost
  1967 | D:3      | Noticed Ijyb
  1994 | D:3      | Killed Ijyb
  2181 | D:3      | Reached skill level 7 in Unarmed Combat
  2902 | D:3      | Reached XP level 7. HP: 62/62 MP: 7/7
  3336 | D:4      | Noticed Duvessa
  3338 | D:4      | Noticed Dowan
  3389 | D:4      | Killed a phantom
  3562 | D:3      | Killed Duvessa
  3562 | D:3      | Reached skill level 8 in Unarmed Combat
  3576 | D:3      | Killed Dowan
  3719 | D:5      | Entered Level 5 of the Dungeon
  3840 | D:5      | Found a basalt altar of Yredelemnul.
  3954 | D:5      | Noticed Menkaure
  3974 | D:5      | Killed Menkaure
  3974 | D:5      | Reached skill level 9 in Unarmed Combat
  3974 | D:5      | Reached XP level 8. HP: 23/69 MP: 8/8
  4225 | D:5      | Noticed Edmund
  4245 | D:5      | Killed Edmund
  4601 | D:5      | Reached skill level 10 in Unarmed Combat
  5414 | D:6      | Found a staircase to the Ecumenical Temple.
  5424 | Temple   | Entered the Ecumenical Temple
  5586 | Temple   | Became a worshipper of Cheibriados the Contemplative
  5850 | D:6      | Reached skill level 11 in Unarmed Combat
  5939 | D:6      | Reached XP level 9. HP: 73/75 MP: 9/9
  6226 | D:7      | Noticed an unseen horror
  6237 | D:7      | Killed an unseen horror
  6237 | D:7      | Reached skill level 12 in Unarmed Combat
  6290 | D:7      | Reached * piety under Cheibriados
  6290 | D:7      | Reached skill level 1 in Invocations
  6578 | D:7      | Reached skill level 1 in Dodging
  6761 | D:7      | Found a burning altar of Makhleb.
  6795 | D:7      | Reached ** piety under Cheibriados
  7372 | D:8      | Noticed Jessica
  7372 | D:8      | Noticed Psyche
  7393 | D:8      | Reached XP level 10. HP: 65/83 MP: 11/13
  7405 | D:8      | Killed Jessica
  7434 | D:8      | Killed Psyche
  7434 | D:8      | Reached skill level 5 in Invocations
  7706 | D:8      | Reached *** piety under Cheibriados
  8066 | D:8      | Reached **** piety under Cheibriados
  8287 | D:8      | Found a bloodstained altar of Trog.
  8310 | D:8      | Found a glowing silver altar of Zin.
  8564 | D:8      | Found a burning altar of Makhleb.
  9412 | D:9      | Found a sparkling altar of Nemelex Xobeh.
  9486 | D:9      | Reached ***** piety under Cheibriados
  9495 | D:9      | Reached XP level 11. HP: 89/89 MP: 16/16
  9768 | D:9      | Found a staircase to the Orcish Mines.
  9843 | D:10     | Entered Level 10 of the Dungeon
  9853 | D:10     | Found a staircase to the Lair.
  9877 | D:10     | Noticed a hill giant
  9898 | D:10     | Killed a hill giant
  9957 | D:10     | Identified the Papyrus of Dark Rites
 10054 | D:10     | Reached skill level 5 in Shields
 10108 | D:10     | Reached skill level 5 in Armour
 10490 | D:10     | Noticed Maurice
 10504 | D:10     | Killed Maurice
 10849 | D:10     | Noticed Maud
 10859 | D:10     | Mangled by Maud

Action                   |  1- 3 |  4- 6 |  7- 9 | 10-12 || total
-------------------------+-------+-------+-------+-------++-------
Melee: Unarmed           |   129 |   239 |   387 |   408 ||  1163
Invok: Bend Time         |       |       |     1 |       ||     1
       Slouch            |       |       |       |     3 ||     3
 Abil: Spit Poison       |    19 |    31 |    51 |    70 ||   171
  Use: Potion            |       |     3 |       |     2 ||     5
       Scroll            |       |     2 |     7 |       ||     9
  Eat: Chunk             |     1 |     7 |    10 |    10 ||    28
       Bread ration      |       |       |     2 |     2 ||     4
       Fruit             |       |       |     1 |       ||     1
